 Dungeon Crawl Stone Soup version 0.16-a0-3724-gf14d081 (webtiles) character file.

233 oshikia the Insei (level 6, -4/43 HPs)
             Began as an Octopode Monk on Jan 21, 2015.
             Slain by an ogre
             ... wielding a +0 giant spiked club
              (21 damage)
             ... on level 4 of the Dungeon.
             The game lasted 00:05:45 (3428 turns).

oshikia the Insei (Octopode Monk)                   Turns: 3428, Time: 00:05:46

Health: -4/43      AC:  1    Str: 10    XL:     6   Next: 5%
Magic:  6/6        EV: 13    Int: 12    God:
Gold:   212        SH:  6    Dex: 17    Spells: 0 memorised, 5 levels left

rFire  . . .     SeeInvis .       - Unarmed
rCold  + . .     Clarity  .     q - +2 buckler
rNeg   . . .     SustAb   .     (helmet restricted)
rPois  .         Gourm    .     (no amulet)
rElec  .         Spirit   .     j - ring of protection from cold
rCorr  .         Warding  .     (no ring)
rMut   .         Stasis   .     (no ring)
MR     .....                    (no ring)
Stlth  ++++......               (no ring)
                                (no ring)
                                (no ring)
                                (no ring)

@: not resistant to hostile enchantments, stealthy
A: almost no armour, amphibious, 8 rings, constrict 8, camouflage 1, gelatinous
body 1
a: no special abilities


You were on level 4 of the Dungeon.
You were not hungry.

You visited 1 branch of the dungeon, and saw 4 of its levels.

You collected 212 gold pieces.

Inventory:

Armour
 q - a +2 buckler (worn)
Jewellery
 j - a ring of protection from cold (left tentacle)
Scrolls
 c - 3 scrolls of identify {unknown}
 e - a scroll of remove curse {unknown}
 f - a scroll of recharging {unknown}
 g - 4 scrolls of teleportation {unknown}
 l - 2 scrolls of enchant weapon {unknown}
 r - 2 scrolls of magic mapping {unknown}
 u - a scroll of immolation {unknown}
 v - a scroll of fog {unknown}
Potions
 a - a potion of cancellation {unknown}
 h - a potion of agility {unknown}
 i - 2 potions of brilliance {unknown}
 k - a potion of flight {unknown}
 m - 3 potions of curing {unknown}
 o - a potion of might {unknown}
 s - a potion of poison {unknown}
 w - a potion of restore abilities {unknown}
Comestibles
 b - 4 bread rations
 d - 4 beef jerkies
 n - a slice of pizza
 p - 3 meat rations
 t - a fruit


   Skills:
 + Level 4.0 Fighting
 + Level 3.8 Dodging
 + Level 4.3 Stealth
 + Level 1.1 Shields
 * Level 5.3 Unarmed Combat


You had 5 spell levels left.
You didn't know any spells.

Dungeon Overview and Level Annotations

Branches:
Dungeon (4/15)
 Temple: D:4-7

Altars:
Dithmenos
Xom


Innate Abilities, Weirdness & Mutations

You cannot wear most types of armour.
You are amphibious.
You can wear up to eight rings at the same time.
You can use your tentacles to constrict many enemies at once.
Your skin changes colour to match your surroundings (Stealth).
Your rubbery body absorbs attacks (AC +1).


Message History

The ogre is heavily wounded.
You tentacle-slap the ogre.
The ogre is heavily wounded.
The ogre hits you with a giant spiked club!
You tentacle-slap the ogre. You squeeze the ogre.
The ogre is severely wounded.
The ogre hits you with a giant spiked club!
You tentacle-slap the ogre. You squeeze the ogre.
The ogre is almost dead.
You closely miss the ogre.
The ogre is almost dead.
The ogre barely misses you.
You tentacle-slap the ogre.
The ogre is almost dead.
The ogre barely misses you.
You tentacle-slap the ogre but do no damage.
Your squeeze misses the ogre.
The ogre is almost dead.
The ogre hits you with a giant spiked club!!
You die...

# ..#
####...#
#@...#
#O####
.o# .###
.. ..
..> .


You could see an ogre and an orc.

Vanquished Creatures
  The ghost of lagrange the Firebug, an average OpFE (D:3)
  Jessica (D:2)
  5 adders (D:2)
  3 worms
  2 giant geckos
  An ooze (D:2)
  8 orcs
  3 giant cockroaches
  10 hobgoblins
  2 jackals (D:2)
  A quokka (D:2)
  2 ball pythons (D:1)
  6 bats
  2 giant newts
  7 goblins
  11 kobolds
  7 rats
72 creatures vanquished.

Notes
Turn   | Place    | Note
--------------------------------------------------------------
     0 | D:1      | oshikia, the Octopode Monk, began the quest for the Orb.
     0 | D:1      | Reached XP level 1. HP: 16/16 MP: 1/1
     2 | D:1      | Noticed a dwarf
     2 | D:1      | Noticed a draconian
     4 | D:1      | Noticed a spriggan
     6 | D:1      | Noticed an ogre
     8 | D:1      | Noticed a troll
     8 | D:1      | Noticed a demonspawn
    10 | D:1      | Noticed a minotaur
    10 | D:1      | Noticed a ghoul
    12 | D:1      | Noticed a naga
    14 | D:1      | Noticed a centaur
    14 | D:1      | Noticed a formicid
    18 | D:1      | Noticed a merfolk
    18 | D:1      | Noticed an elf
    20 | D:1      | Noticed a vampire
    20 | D:1      | Noticed a human
    22 | D:1      | Noticed a felid
    22 | D:1      | Noticed a vine stalker
    24 | D:1      | Noticed a demigod
    24 | D:1      | Noticed a gargoyle
    26 | D:1      | Noticed a tengu
    26 | D:1      | Noticed an octopode
   395 | D:1      | Reached XP level 2. HP: 21/21 MP: 2/2
   841 | D:1      | Reached XP level 3. HP: 18/26 MP: 3/3
  1393 | D:2      | Reached XP level 4. HP: 26/31 MP: 4/4
  2063 | D:2      | Noticed Jessica
  2070 | D:2      | Killed Jessica
  2220 | D:2      | Found a shadowy altar of Dithmenos.
  2270 | D:2      | Reached skill level 5 in Unarmed Combat
  2284 | D:2      | Reached XP level 5. HP: 32/37 MP: 5/5
  3030 | D:3      | Found a shimmering altar of Xom.
  3164 | D:3      | Noticed lagrange's ghost (average OpFE)
  3288 | D:3      | Killed lagrange's ghost
  3288 | D:3      | Reached skill level 1 in Shields
  3288 | D:3      | Reached XP level 6. HP: 32/43 MP: 6/6
  3428 | D:4      | Slain by an ogre

Action                   |  1- 3 |  4- 6 || total
-------------------------+-------+-------++-------
Melee: Unarmed           |    69 |   108 ||   177
 Stab: Sleeping          |     9 |     8 ||    17
  Eat: Chunk             |     1 |     7 ||     8
